 Dungeon Crawl Stone Soup version 0.21.1-1-g345015f (webtiles) character file.

299 diana the Ruffian (level 6, -3/52 HPs)
             Began as a Ghoul Gladiator on June 23, 2018.
             Killed from afar by an orc wizard (7 damage)
             ... with a magic dart
             ... on level 4 of the Dungeon.
             The game lasted 00:05:39 (2330 turns).

diana the Ruffian (Ghoul Gladiator)                 Turns: 2330, Time: 00:05:40

Health: -3/52      AC:  4    Str: 20    XL:     6   Next: 36%
Magic:  5/5        EV: 12    Int:  3    God:
Gold:   90         SH:  0    Dex: 10    Spells: 5/5 levels left

rFire    . . .     SeeInvis .     - Unarmed
rCold    + . .     Gourm    .   (no shield)
rNeg     + + +     Faith    .   a - +0 leather armour
rPois    ∞         Spirit   .   b - +0 helmet
rElec    .         Reflect  .   (no cloak)
rCorr    .         Harm     .   (no gloves)
MR       .....                  (no boots)
Stlth    +.........             (no amulet)
HPRegen  0.00/turn              k - ring of poison resistance
MPRegen  0.09/turn              l - +3 ring of slaying

@: rotting
A: rotting body, claws 1, carnivore, cold resistance 1, negative energy
resistance 3, inhibited regeneration, torment resistance, unbreathing
a: no special abilities


You were on level 4 of the Dungeon.
You were not hungry.

You visited 1 branch of the dungeon, and saw 4 of its levels.

You collected 90 gold pieces.

Inventory:

Missiles
 c - a throwing net (quivered)
Armour
 a - a +0 leather armour (worn)
 b - a +0 helmet (worn)
 y - a +0 pair of boots
Jewellery
 k - a ring of poison resistance (left claw)
 l - a +3 ring of slaying (right claw)
 B - a +3 ring of intelligence {unknown}
Scrolls
 e - 2 scrolls of fear {unknown}
 f - 2 scrolls of amnesia {unknown}
 g - a scroll of remove curse {unknown}
 h - 5 scrolls of identify {unknown}
 j - a scroll of teleportation {unknown}
 q - a scroll of fog {unknown}
 r - a scroll of immolation {unknown}
 s - a scroll of random uselessness {unknown}
 t - 2 scrolls of noise {unknown}
 u - 2 scrolls of enchant weapon {unknown}
 x - a scroll of enchant armour {unknown}
Potions
 m - a potion of brilliance {unknown}
 n - 2 potions of flight {unknown}
 o - 4 potions of cancellation {unknown}
 p - a potion of heal wounds {unknown}
 v - a potion of agility {unknown}
 w - a potion of haste {unknown}
 z - 2 potions of might {unknown}
Comestibles
 d - 7 rations


   Skills:
 + Level 3.9 Fighting
 - Level 1.7 Throwing
 + Level 2.4 Armour
 - Level 2.7 Dodging
 * Level 5.9 Unarmed Combat


You had 5 spell levels left.
You didn't know any spells.

Dungeon Overview and Level Annotations

Branches:
Dungeon (4/15)
 Temple: D:4-7

Altars:

Annotations:
D:4 Mesmaeker13's ghost, amateur GrMo


Innate Abilities, Weirdness & Mutations

Your body is rotting away.
You thrive on raw meat.
You are immune to poison.
You have sharp fingernails.
You are carnivorous and can eat meat at any time.
Your flesh is cold resistant. (rC+)
You are immune to negative energy. (rN+++)
You do not regenerate when monsters are visible.
You are immune to unholy pain and torment.
You can survive without breathing.


Message History

The hound struggles against the net.
The hound struggles against the net.
The net rips apart, and the hound comes free!
You scratch the hound.
You kill the hound!
The orc wizard gestures wildly while chanting.
The orc wizard blinks!
The orc wizard hits you with a dagger.
* * * LOW HITPOINT WARNING * * *
Throwing (i - inventory):
c - 2 throwing nets (quivered)
Press: ? - help, Shift-Dir - straight line, f - orc wizard
Aim: an orc wizard, wielding a dagger and wearing a robe (heavily wounded)
You throw a throwing net. The throwing net hits the orc wizard.
The orc wizard is caught in the net!
The orc wizard is heavily wounded.
The orc wizard struggles against the net.
The orc wizard struggles against the net.
The orc wizard casts a spell at you. The magic dart hits you!
You die...

#....####...........
#.....Z#.#.........
####Z#...##§.....#!
#W##W.# ...#....
#.###.##...#..<.
#.....[..#..#.W.
###oW............
#######...##.##.#......
#.....@..###..#.##.....
#........# ##.#.##.....
#........# ...##...##
#........# ...##....
#####.#### #... #. ##


You could see an orc wizard (caught) and Mesmaeker13's ghost.

Vanquished Creatures
  A howler monkey (D:3)
  An orc priest (D:3)
  2 hounds
  An orc wizard (D:3)
  A worker ant (D:3)
  3 gnolls
  2 adders (D:2)
  A worm (D:2)
  A dart slug (D:3)
  3 leopard geckos (D:2)
  7 orcs
  5 bats
  3 giant cockroaches
  7 goblins
  11 hobgoblins
  2 jackals (D:2)
  4 kobolds
  A quokka (D:2)
  A ball python (D:1)
  4 frilled lizards
  5 rats
66 creatures vanquished.

Notes
Turn   | Place    | Note
-------+----------+-------------------------------------------
     0 | D:1      | diana the Ghoul Gladiator began the quest for the Orb.
     0 | D:1      | Reached XP level 1. HP: 17/17 MP: 0/0
   174 | D:1      | Reached XP level 2. HP: 14/25 MP: 1/1
   673 | D:2      | Reached XP level 3. HP: 30/30 MP: 2/2
   692 | D:2      | Reached skill level 4 in Unarmed Combat
   727 | D:2      | Reached skill level 1 in Armour
   925 | D:2      | Reached XP level 4. HP: 31/37 MP: 3/3
  1266 | D:2      | Reached XP level 5. HP: 5/45 MP: 4/4
  1463 | D:3      | Reached skill level 5 in Unarmed Combat
  1992 | D:4      | Noticed Mesmaeker13's ghost (amateur GrMo)
  2179 | D:3      | Reached XP level 6. HP: 24/52 MP: 5/5
  2330 | D:4      | Killed from afar by an orc wizard

Skill      XL: |  1  2  3  4  5 |
---------------+----------------+-----
Unarmed Combat | 4 5 |  5.9
Armour         | 1 2 |  2.4
Fighting       | 3 |  3.9
Throwing       | |  1.7
Dodging        | |  2.7

Action                   |  1- 3 |  4- 6 || total
-------------------------+-------+-------++-------
Melee: Unarmed           |    89 |    78 ||   167
       Punch             |     1 |     3 ||     4
Throw: Throwing net      |       |     2 ||     2
  Use: Potion            |       |     1 ||     1
  Eat: Chunk             |     9 |    23 ||    32
       Ration            |       |     1 ||     1
Armor: Leather armour    |    23 |    30 ||    53
Dodge: Dodged            |    55 |    59 ||   114
